 Dungeon Crawl Stone Soup version 0.31-a0-1144-g99969ba1bc (webtiles) character file.

Game seed: 12631449820309257832

99639 Turgor the Convoker (level 15, -13/105 HPs)
             Began as a Mummy Summoner on Dec 4, 2023.
             Was an Initiate of Gozag.
             Mangled by a spectral fenstrider witch (16 damage)
             ... called from beyond by a ghost crab
             ... on level 2 of the Swamp on Dec 6, 2023.
             The game lasted 03:34:00 (29645 turns).

Turgor the Convoker (Mummy Summoner)               Turns: 29645, Time: 03:34:00

Health: -13/105    AC:  6    Str: 14    XL:     15   Next: 78%
Magic:  13/28      EV: 11    Int: 30    God:    Gozag
Gold:   4595       SH:  9    Dex: 10    Spells: 5/32 levels left

rFire   + . .        w - +3 dagger "Fygan" {freeze, Will+ rCorr SInv}
rCold   + . .        O - +0 buckler
rNeg    + + +        q - +1 robe of Kusubag {rF+ rCorr Int+6 Dex-4}
rPois   ∞            s - +0 helmet
rElec   .            (no cloak)
rCorr   +            i - +0 pair of gloves
SInv    +            d - +0 pair of boots
Will    ++...        n - amulet of reflection
Stlth   ++           y - ring of protection from fire
HPRegen 0.37/turn    C - +6 ring of intelligence
MPRegen 0.21/turn

%: reflection, faith
@: no status effects
A: cold resistance 1, negative energy resistance 3, torment resistance 2, heat
vulnerability 1, in touch with death 2, no potions, faith
a: Renounce Religion, Potion Petition, Call Merchant, Bribe Branch


You were on level 2 of the Swamp.
You worshipped Gozag.
Gozag was most pleased with you.
You visited 5 branches of the dungeon, and saw 24 of its levels.
You also visited: Ice Cave.

You collected 7989 gold pieces.
You spent 391 gold pieces at shops.
You paid 3003 gold pieces to Gozag.

Inventory:

Hand Weapons
 w - the +3 dagger "Fygan" (weapon) {freeze, Will+ rCorr SInv}
   (You found it on level 6 of the Dungeon)

   Will+:     It increases your willpower.
   SInv:      It lets you see invisible.
   rCorr:     It protects you from acid and corrosion.
 A - a +3 rapier of distortion
 L - the +9 broad axe "Xougan" {heavy, rF+ rC+ Dex-3 Stlth+}
   (You found it on level 3 of the Lair of Beasts)

   Dex-3:     It affects your dexterity (-3).
   rF+:       It protects you from fire.
   rC+:       It protects you from cold.
   Stlth+:    It makes you more stealthy.
Missiles
 c - 38 poisoned darts (quivered)
 D - a curare-tipped dart
 K - 3 throwing nets
Armour
 a - the +0 helmet of Hubris {SInv}
   (You found it on level 2 of the Lair of Beasts)

   SInv:      It lets you see invisible.
 d - a +0 pair of boots (worn)
 i - a +0 pair of gloves (worn)
 q - the +1 robe of Kusubag (worn) {rF+ rCorr Int+6 Dex-4}
   (You found it on level 4 of the Dungeon)

   Int+6:     It affects your intelligence (+6).
   Dex-4:     It affects your dexterity (-4).
   rF+:       It protects you from fire.
   rCorr:     It protects you from acid and corrosion.
 s - a +0 helmet (worn)
 B - an orb of energy
 O - a +0 buckler (worn)
 R - a +2 kite shield of cold resistance
Jewellery
 e - a ring of protection from cold
 n - an amulet of reflection (around neck)
 t - a +5 ring of evasion
 y - a ring of protection from fire (left hand)
 C - a +6 ring of intelligence (right hand)
 E - an amulet of regeneration
 J - a ring of protection from fire
Wands
 l - a wand of paralysis (24)
 p - a wand of mindburst (18)
 r - a wand of flame (45)
 v - a wand of quicksilver (23)
 z - a wand of polymorph (18)
 F - a wand of iceblast (12)
 G - a wand of digging (1)
Scrolls
 b - 3 scrolls of vulnerability
 f - 6 scrolls of amnesia
 g - 5 scrolls of teleportation
 h - 2 scrolls of revelation
 j - 3 scrolls of fear
 k - 6 scrolls of enchant weapon
 o - a scroll of immolation
 u - 2 scrolls of enchant armour
 x - 3 scrolls of fog
 M - 3 scrolls of identify
 N - a scroll of blinking
Miscellaneous
 m - a tin of tremorstones (2/2)


   Skills:
 - Level 6.0 Fighting
 - Level 1.5 Dodging
 - Level 3.0 Stealth
 + Level 4.2 Shields
 - Level 9.0 Spellcasting
 - Level 9.0 Hexes
 * Level 15.2 Summonings
 * Level 14.4 Necromancy
 - Level 9.0 Air Magic


You had 5 spell levels left.
You knew the following spells:

 Your Spells              Type           Power      Damage    Failure   Level
a - Summon Small Mammal   Summ           100%       N/A       0%          1
b - Call Imp              Summ           100%       N/A       0%          2
c - Call Canine Familiar  Summ           81%        N/A       1%          3
d - Summon Guardian Gole  Hex/Summ       72%        N/A       1%          3
e - Summon Lightning Spi  Summ/Air       72%        N/A       1%          4
f - Haunt                 Necr/Summ      62%        N/A       10%         7
g - Vampiric Draining     Necr           100%       2d13      1%          3
h - Airstrike             Air            30%        2d(5-21)  1%          4

Your spell library contained the following spells:

 Spells                   Type           Power      Damage    Failure   Level
 Kiss of Death            Conj/Necr      100%       2d13      1%          1
 Slow                     Hex            100%       N/A       1%          1
 Ensorcelled Hibernation  Hex/Ice        80%        N/A       1%          2
 Poisonous Vapours        Pois/Air       80%        N/A       1%          2
 Confusing Touch          Hex            61%        N/A       1%          3
 Sigil of Binding         Hex            61%        N/A       1%          3
 Swiftness                Air            61%        N/A       1%          3
 Agony                    Necr           100%       N/A       1%          5
 Dazzling Flash           Conj/Hex       80%        N/A       2%          3
 Silence                  Hex/Air        30%        N/A       3%          5
 Freeze                   Ice            52%        1d6       4%          1
 Sting                    Tmut/Pois      52%        1d5       4%          1
 Mephitic Cloud           Conj/Pois/Air  31%        N/A       4%          3
 Blink                    Tloc           26%        N/A       8%          2
 Lesser Beckoning         Tloc           26%        N/A       8%          2
 Momentum Strike          Conj/Tloc      26%        3d8       8%          2
 Passwall                 Tmut/Erth      10%        N/A       8%          2
 Vhi's Electric Charge    Tloc/Air       80%        N/A       8%          4
 Ignite Poison            Fire/Tmut/Pois 13%        N/A       16%         3
 Ozocubu's Armour         Ice            13%        N/A       16%         3
 Metabolic Englaciation   Hex/Ice        20%        N/A       22%         5
 Olgreb's Toxic Radiance  Pois           13%        N/A       45%         4
 Sticky Flame             Conj/Fire      13%        2d4       45%         4
 Infestation              Necr           61%        N/A       65%         8
 Ozocubu's Refrigeration  Ice            6%         4d8       100%        7
 Ignition                 Fire           6%         3d4       100%        8
 Maxwell's Capacitive Co  Air            30%        ∞         100%        8
 Polar Vortex             Ice            6%         N/A       100%        9
 Shatter                  Erth           6%         3d9*      100%        9
 Animate Dead             Necr           Unusable   N/A       N/A         4
 Simulacrum               Ice/Necr       Unusable   N/A       N/A         6

Dungeon Overview and Level Annotations

Branches:
Dungeon (14/15)            Temple (1/1) D:6            Lair (5/5) D:10
  Swamp (2/4) Lair:2       Spider (0/4) Lair:2          Orc (2/2) D:12
    Elf (0/3) Orc:2        Vaults (0/5) D:13          IceCv (visited)
  Slime: Lair:4-5

Altars:
Ashenzari
Cheibriados
Dithmenos
Fedhas
Gozag
Hepliaklqana
Kikubaaqudgha
Makhleb
Nemelex Xobeh
Okawaru
Qazlal
Ru
Sif Muna
Trog
Uskayaw
Vehumet
Wu Jian
Xom
Yredelemnul

Shops:
D:3 *   D:5 ?   Orc:2 =!*!*

Annotations:
D:13 Jorgrun
D:14 Rupert


Innate Abilities, Weirdness & Mutations

You are immune to poison.
Your flesh is cold resistant. (rC+)
You are immune to negative energy. (rN+++)
You are immune to unholy pain and torment.
You are vulnerable to heat. (rF-)
You are strongly in touch with the powers of death.
You do not drink.
You have a special connection with the divine. (Faith)


Message History

Casting: Haunt (dangerous; 10% risk of failure)
Confirm with . or Enter, or press ? or * to list all spells.
Aiming: Haunt (dangerous; 10% risk of failure)
Press: ? - help, Dir - move target, f - ghost crab
Aim: a ghost crab (spectral mist, almost destroyed)
You feel a strong surge of power!
Insubstantial figures form in the air.
Your freezing wraith disappears in a puff of smoke!
Your wraith disappears in a puff of smoke!
Your phantasmal warrior disappears in a puff of smoke!
The spectral fenstrider witch completely misses you.
The spectral fenstrider witch kicks you.
* * * LOW HITPOINT WARNING * * *
The ghost crab breathes spectral mist at you.
The spectral mist engulfs you but does no damage.
Your phantasmal warrior gestures at the ghost crab.
Your phantasmal warrior blinks!
Unknown command.
Unknown command.
You swap places.
Your freezing wraith disappears in a puff of smoke!
The spectral fenstrider witch hits you but does no damage.
The spectral fenstrider witch kicks you.
* * * LOW HITPOINT WARNING * * *
You block the spectral fenstrider witch's attack.
The spectral fenstrider witch kicks you!
* * * LOW HITPOINT WARNING * * *
The ghost crab breathes spectral mist at you.
The spectral mist engulfs your wraith but does no damage.
Your wraith hits the ghost crab.
Your wraith drains the ghost crab's vigour!
The ghost crab seems to slow down.
Your wraith barely misses the ghost crab.
Your wraith hits the spectral fenstrider witch but does no damage.
Unknown command.
Unknown command.
Unknown command.
Your wraith disappears in a puff of smoke!
The spectral fenstrider witch hits you!
You die...
Your body crumbles into a pile of gold.

....~~~~~.~~~~~~~.♣
....~~~♣♣♣~.~~~...♣
.>§~~~.♣ ♣♣.~~~~♣♣♣
~~~..♣♣♣ ♣♣♣♣♣♣♣ ~~~♣♣♣ ♣♣♣
~~. ..♣♣ ♣♣♣♣♣ ♣♣§♣♣♣.§§.
§.♣ ♣♣...♣ ♣♣♣°○○☼.~... ~~♣
♣.~~~♣ ♣♣WZ○~☼§~~~.~ ~~♣
♣.~~~♣♣♣♣♣♣§@Wt§W.~~~..
~~♣♣♣~~~.♣♣~~♣♣♣ZW♣W§...$.♣
~.♣~~...♣♣♣.~♣♣§W§○§.......
..~♣♣.~~~♣ ♣~..♣♣♣♣.~$.~~○.
~~..~.~.♣♣♣♣~..♣♣ ♣.~~~~§°○
.~~~~...§♣♣..♣.~♣ ♣♣♣~...♣♣
~~~~~..~.~......♣♣ .~~.♣
.~~~.~...♣~......♣ ~~
.~~~~.^~.♣♣....~.♣


You could see a ghost crab (slow, ally target), 2 spectral fenstrider witches, a
friendly phantasmal warrior (summoned), 2 friendly freezing wraiths and 3
friendly wraiths.

Vanquished Creatures
  A hydra (Lair:3)
  A swamp dragon (Swamp:1)
  2 kobold blastminers (Orc:1)
  A black mamba (Lair:4)
  A cane toad (Lair:3)
  A komodo dragon (Lair:3)
  2 fire elementals (Orc:2)
  2 yaks
  2 vampire mosquitoes (D:11)
  Edmund (D:4)
  A redback (Lair:2)
  2 water moccasins
  An orc warrior (Orc:1)
  A phantom (D:6)
  A scorpion (D:4)
  A wight (D:8)
  An orc priest (Orc:1)
  3 orc wizards
  A gnoll (D:7)
  An ufetubus (D:9)
  6 orcs
  3 endoplasms
  A goblin (D:4)
  4 kobolds
  2 rat zombies (D:8)
43 creatures vanquished.

Vanquished Creatures (collateral kills)
  Mlioglotl (Swamp:2)
  Nessos (D:13)
  A blizzard demon (Orc:2)
  Snorg (Orc:1)
  A shambling mangrove (Swamp:1)
  3 ogre magi (Orc:2)
  4 hydras
  2 ghost crabs (Swamp:1)
  Erica (Lair:2)
  An alligator (Swamp:2)
  2 centaur warriors
  12 two-headed ogres
  16 death yaks
  A boulder beetle (D:13)
  An orc high priest (Orc:1)
  The ghost of Poopy the Nimble, a journeyman FeSu of Gozag (Lair:2)
  A soul eater (D:12)
  A death drake (Swamp:2)
  A bog body (Swamp:1)
  3 spriggan druids
  2 swamp dragons (Swamp:1)
  A goliath frog (Swamp:1)
  3 orc knights
  A necromancer (D:13)
  A deep elf zephyrmancer (D:13)
  7 ugly things
  An orc sorcerer (Orc:1)
  2 manticores (D:14)
  2 cyclopes
  A moth of wrath (Lair:2)
  5 black mambas
  An ice statue (IceCv)
  A black mamba (shapeshifter) (D:12)
  2 kobold blastminers (Orc:2)
  2 orange demons (D:12)
  An unseen horror (D:10)
  12 cane toads
  3 komodo dragons
  Jeremiah (D:7)
  7 rime drakes
  A tengu conjurer (D:13)
  A freezing wraith (D:14)
  7 trolls
  A red devil (D:12)
  5 hornets
  5 polar bears
  4 blink frogs (Lair:4)
  2 tyrant leeches
  A wind drake (shapeshifter) (D:14)
  A spriggan (Swamp:1)
  A culicivora (shapeshifter) (D:14)
  A wraith (D:7)
  2 slime creatures (D:14)
  A vampire (D:10)
  A ynoxinul (D:9)
  3 redbacks (Lair:2)
  4 basilisks
  35 yaks
  2 fire elementals
  9 vampire mosquitoes
  A warg (Orc:1)
  15 water moccasins
  A steam dragon (D:8)
  3 swamp worms (Swamp:1)
  2 acid dragons
  3 hell hounds
  An ice beast (D:8)
  11 orc warriors
  3 swamp drakes (Swamp:1)
  2 black bears
  7 wolves
  22 ogres
  A centaur (D:8)
  2 kobold brigands
  12 bullfrogs
  A scorpion (D:4)
  2 wights (D:8)
  Dowan (D:4)
  6 killer bees
  6 howler monkeys
  A hound (D:7)
  2 quasits (D:12)
  A jelly (D:5)
  9 orc priests
  An iguana (D:5)
  11 orc wizards
  6 gnolls
  6 adders
  6 ufetubi (D:9)
  3 worms
  2 dart slugs
  41 orcs
  7 ball pythons
  10 bats
  8 endoplasms
  3 giant cockroaches
  12 goblins
  5 hobgoblins
  15 kobolds
  2 frilled lizards (D:1)
  3 rats (D:1)
  2 butterflies (Lair:2)
456 creatures vanquished.

Vanquished Creatures (others)
  A frost giant (IceCv)
  A hydra (Lair:3)
  An ogre mage (Orc:2)
  A centaur warrior (D:7)
  8 two-headed ogres
  6 death yaks
  A black mamba (Lair:2)
  A moth of wrath (Lair:2)
  3 ugly things (D:14)
  Joseph (D:7)
  A kobold blastminer (Orc:1)
  Maggie (D:7)
  A kobold demonologist (D:7)
  An unseen horror (D:11)
  2 cane toads
  3 komodo dragons
  An ice devil (D:12)
  3 bloated husks
  A hellwing (D:12)
  2 polar bears (IceCv)
  10 yaks
  A ynoxinul (D:9)
  A wraith (D:7)
  2 vampire mosquitoes (D:10)
  2 swamp worms
  A water moccasin (Lair:4)
  Duvessa (D:4)
  A sky beast (D:7)
  3 black bears
  6 orc warriors
  A centaur (D:7)
  5 ogres
  2 wolves (IceCv)
  A gnoll sergeant (D:7)
  2 bullfrogs
  A scorpion (D:7)
  A wight (D:8)
  11 killer bees
  A howler monkey (D:6)
  A quasit (D:12)
  A hound (D:6)
  A gnoll bouda (D:5)
  A jelly (D:6)
  An orc wizard (D:5)
  3 iguanas
  An adder (D:5)
  3 gnolls (D:5)
  A shadow imp (D:6)
  5 orcs
  A quokka (D:5)
112 creatures vanquished.

Grand Total: 611 creatures vanquished

Notes
Turn   | Place    | Note
-------+----------+-------------------------------------------
     0 | D:1      | Turgor the Mummy Summoner began the quest for the Orb.
     0 | D:1      | Reached XP level 1. HP: 13/13 MP: 4/4
   315 | D:1      | Reached XP level 2. HP: 19/19 MP: 3/6
   318 | D:1      | Learned a level 2 spell: Call Imp
  1198 | D:1      | Found a faded altar of an unknown god.
  1208 | D:1      | Got Plato's Handbook of Snow
  1209 | D:1      | Prayed at the altar of an unknown god.
  1209 | D:1      | Became a worshipper of Gozag Ym Sagoz the Greedy
  1231 | D:1      | Reached XP level 3. HP: 24/24 MP: 2/8
  2042 | D:2      | Reached skill level 4 in Summonings
  2105 | D:2      | Learned a level 3 spell: Call Canine Familiar
  2598 | D:3      | Reached XP level 4. HP: 29/30 MP: 2/9
  3190 | D:3      | Found Zin's Purification Station.
  3282 | D:4      | Noticed a scorpion
  3287 | D:4      | Noticed a scorpion
  3288 | D:4      | Killed a scorpion
  3289 | D:4      | Reached XP level 5. HP: 33/35 MP: 4/11
  3292 | D:4      | Reached skill level 5 in Summonings
  3423 | D:4      | Noticed Dowan
  3434 | D:4      | Learned a level 3 spell: Summon Guardian Golem
  3493 | D:4      | Identified the +8 quarterstaff "Libb" {heavy, rElec Will+}
  3543 | D:4      | Noticed Edmund
  3565 | D:4      | Killed Edmund
  3566 | D:4      | Reached skill level 5 in Spellcasting
  3566 | D:4      | Reached skill level 1 in Hexes
  3566 | D:4      | Reached XP level 6. HP: 41/41 MP: 5/13
  3764 | D:4      | Upgraded the game from 0.31-a0-1118-gbca3d03946 to
                  | 0.31-a0-1134-gb247575874
  3801 | D:4      | Identified the +1 robe of Kusubag {rF+ rCorr Int+6 Dex-4}
  4035 | D:4      | Noticed Duvessa
  4068 | D:4      | Killed Duvessa
  4117 | D:4      | Killed Dowan
  4232 | D:5      | Entered Level 5 of the Dungeon
  4248 | D:5      | Reached XP level 7. HP: 46/46 MP: 10/15
  4563 | D:5      | Reached skill level 6 in Summonings
  4804 | D:5      | Found Moclypez's Magic Scroll Emporium.
  4815 | D:5      | Bought a scroll of blinking for 97 gold pieces
  5222 | D:5      | Learned a level 4 spell: Summon Lightning Spire
  5267 | D:6      | Reached XP level 8. HP: 52/52 MP: 13/17
  5375 | D:6      | Reached skill level 1 in Air Magic
  5972 | D:6      | Found a staircase to the Ecumenical Temple.
  5980 | Temple   | Entered the Ecumenical Temple
  6260 | D:6      | Identified the +3 dagger "Fygan" {freeze, Will+ rCorr SInv}
  6507 | D:7      | Noticed Maggie
  6517 | D:7      | Killed Maggie
  6518 | D:7      | Reached skill level 1 in Fighting
  6518 | D:7      | Reached skill level 5 in Hexes
  6518 | D:7      | Reached skill level 7 in Summonings
  6779 | D:7      | Reached XP level 9. HP: 59/59 MP: 13/18
  7374 | D:7      | Found a broken altar of Ashenzari.
  7427 | D:7      | Found an iron altar of Okawaru.
  7710 | D:7      | Noticed Jeremiah
  7792 | D:7      | Killed Jeremiah
  7965 | D:7      | Found a basalt altar of Yredelemnul.
  8234 | D:7      | Noticed Joseph
  8238 | D:7      | Noticed a kobold demonologist
  8242 | D:7      | Killed a kobold demonologist
  8243 | D:7      | Reached skill level 8 in Summonings
  8257 | D:7      | Killed Joseph
  8323 | D:7      | Noticed a purple ugly thing
  8341 | D:7      | Killed a purple ugly thing
  8342 | D:7      | Reached skill level 5 in Air Magic
  8342 | D:7      | Reached XP level 10. HP: 54/70 MP: 16/19
  8404 | D:7      | Noticed a cyclops
  8427 | D:7      | Killed a cyclops
  8522 | D:7      | Noticed a centaur warrior
  8535 | D:7      | Killed a centaur warrior
  8536 | D:7      | Reached skill level 5 in Fighting
  8536 | D:7      | Reached skill level 9 in Summonings
  9579 | D:8      | Found an opulent altar of Gozag.
  9897 | D:8      | Learned a level 7 spell: Haunt
 10150 | D:9      | Reached skill level 1 in Necromancy
 10312 | D:9      | Reached XP level 11. HP: 81/81 MP: 13/20
 10688 | D:9      | Noticed a two-headed ogre
 10707 | D:9      | Killed a two-headed ogre
 10997 | D:10     | Entered Level 10 of the Dungeon
 10997 | D:10     | Noticed a two-headed ogre
 11116 | D:10     | Killed a two-headed ogre
 11140 | D:10     | Reached skill level 10 in Summonings
 11543 | D:10     | Found a staircase to the Lair.
 11890 | D:7      | Found a sparkling altar of Nemelex Xobeh.
 12196 | D:11     | Noticed a two-headed ogre
 12211 | D:11     | Killed a two-headed ogre
 12212 | D:11     | Reached skill level 5 in Necromancy
 12364 | D:11     | Identified the +5 halberd "Earthworm" {flame, rPois}
 12887 | D:12     | Found a staircase to the Orcish Mines.
 12983 | D:12     | Reached XP level 12. HP: 88/88 MP: 9/21
 13817 | D:12     | Reached skill level 11 in Summonings
 14152 | Lair:1   | Entered Level 1 of the Lair of Beasts
 14938 | Lair:1   | Found a shimmering blue altar of Sif Muna.
 15550 | Lair:2   | Noticed a death yak
 15938 | Lair:2   | Gained mutation: You are strongly in touch with the powers
                  | of death. [Mummy growth]
 15938 | Lair:2   | Reached XP level 13. HP: 53/93 MP: 13/22
 16147 | Lair:2   | Found a staircase to the Swamp.
 16211 | Lair:2   | Identified the +7 halberd of Fragile Peace {flame, rElec
                  | rF+ Int+2 Stlth+}
 16231 | Lair:2   | Found a transporter.
 16235 | Lair:2   | Noticed Poopy's ghost (journeyman FeSu)
 16241 | Lair:2   | Learned a level 3 spell: Vampiric Draining
 16416 | Lair:2   | Found a hole to the Spider Nest.
 16525 | Lair:2   | Noticed Erica
 16537 | Lair:2   | Killed Erica
 16538 | Lair:2   | Reached skill level 12 in Summonings
 17637 | Lair:2   | Found a transporter.
 18344 | Lair:3   | Reached skill level 10 in Necromancy
 18559 | Lair:3   | Identified the +9 broad axe "Xougan" {heavy, rF+ rC+ Dex-3
                  | Stlth+}
 19560 | Lair:4   | Got the Vademecum on Sandy Violence
 20120 | Lair:5   | Entered Level 5 of the Lair of Beasts
 20182 | Lair:4   | Reached skill level 13 in Summonings
 20256 | Lair:5   | Reached XP level 14. HP: 95/100 MP: 12/24
 20844 | D:13     | Found a snail-covered altar of Cheibriados.
 20890 | D:13     | Noticed Nessos
 20904 | D:13     | Killed Nessos
 21167 | D:13     | Found a gate to the Vaults.
 21573 | D:13     | Noticed Jorgrun
 22090 | D:14     | Found a shadowy altar of Dithmenos.
 22397 | D:14     | Noticed Rupert
 22824 | Orc:1    | Entered Level 1 of the Orcish Mines
 22941 | Orc:1    | Noticed Snorg
 22949 | Orc:1    | Killed Snorg
 23841 | Orc:2    | Entered Level 2 of the Orcish Mines
 23841 | Orc:2    | Noticed Azrael
 23977 | Orc:2    | Found a frozen archway.
 23986 | IceCv    | Entered an ice cave
 24268 | IceCv    | Reached skill level 14 in Summonings
 24385 | IceCv    | Reached skill level 1 in Shields
 24620 | IceCv    | Noticed a frost giant
 24690 | IceCv    | Killed a frost giant
 24881 | IceCv    | Reached XP level 15. HP: 105/105 MP: 17/28
 25411 | Orc:2    | Upgraded the game from 0.31-a0-1134-gb247575874 to
                  | 0.31-a0-1144-g99969ba1bc
 25456 | Orc:2    | Azrael changed into Azrael the blizzard demon
 25456 | Orc:2    | Noticed Azrael
 25476 | Orc:2    | Killed Azrael the blizzard demon
 25726 | Orc:2    | Found a staircase to the Elven Halls.
 25759 | Orc:2    | Found Dekisma's CLEARANCE SALE!.
 26789 | Orc:2    | Found Ystoor's Jewellery Boutique.
 26789 | Orc:2    | Found Ystro Bid's Assorted Antiques.
 26790 | Orc:2    | Found Girghaul's Distillery.
 26790 | Orc:2    | Found Hoac's Distillery.
 26895 | Orc:2    | Bought a scroll of teleportation for 84 gold pieces
 26895 | Orc:2    | Bought a scroll of blinking for 210 gold pieces
 27293 | Lair:2   | Killed Poopy's ghost
 27299 | Lair:2   | Got the Quarto of Doomed Ceraunoscopy
 27526 | Lair:2   | Identified the +0 helmet of Hubris {SInv}
 27591 | Swamp:1  | Entered Level 1 of the Swamp
 28098 | Swamp:1  | Reached skill level 15 in Summonings
 29091 | Swamp:1  | Learned a level 4 spell: Airstrike
 29153 | Swamp:2  | Noticed Mlioglotl
 29165 | Swamp:2  | Noticed a tentacled starspawn
 29165 | Swamp:2  | Killed Mlioglotl
 29640 | Swamp:2  | HP: 5/105 [ghost crab (3)]
 29644 | Swamp:2  | HP: 2/105 [spectral fenstrider witch[a ghost crab] (10)]
 29645 | Swamp:2  | Mangled by a spectral fenstrider witch

Illustrated notes

Levels and vault maps discovered:
D:1:      dpeg_arrival_chambers_temple_mockup, layout_loops_ring,
          shapermc_ecumenical_altar_rom_forum, minmay_misc_feat_tiny
D:2:      minmay_angry_zag, layout_loops_ring, chequers_jeans
D:3:      layout_rooms, zin_purify
D:4:      layout_basic, uniq_edmund, uniq_duvessa
D:5:      layout_cave_pools, serial_shops, nicolae_lakefront_shop,
          minmay_misc_feat_cross, serial_library_regret_index_split_case,
          grunt_ministairs_6
D:6:      layout_loops_corners, minmay_temple_entry_stoned_glass,
          grunt_decor_one_mirror
D:7:      minmay_klotski, layout_basic, nicolae_overflow_hidden_temple,
          chequers_avenue, grunt_decor_cap, uniq_jeremiah, uniq_joseph,
          uniq_maggie
D:8:      layout_loops_ring, kennysheep_mini, enter_ossuary_4
D:9:      layout_loops_ring, nicolae_fort_ynox
D:10:     layout_rooms, grunt_lair_entry_orc_guard_hut
D:11:     layout_rooms, kennysheep_generic_room_14
D:12:     layout_cave_pools, orc_0_dummy, special_room [special_room_orc],
          serial_demonic, serial_demonic_d, serial_demonic_b, serial_demonic_g,
          serial_demonic_g, serial_demonic_b, serial_demonic_g
D:13:     layout_cave_pools, david_vaults_1, slow_altar_2, uniq_jorgrun,
          uniq_nessos
D:14:     layout_basic, hangedman_abyss_or_decor_lesser_grid,
          grunt_dithmenos_smoke, uniq_rupert
Temple:   eino_temple_rhombus
Lair:1:   layout_big_grid, basic_altar, infiniplex_staircase_pool_2,
          grunt_megastairs_3
Lair:2:   layout_hall_layers, mainiacjoe_swamp_entry_angry_trees,
          spider_nest_entry_webs, gammafunk_ghost_berserking_beasts,
          lemuel_fruit_fields, serial_bayou_shore_b, uniq_erica
Lair:3:   cheibrodos_lair_river_kwai, layout_misc_corridors
Lair:4:   layout_regular_city
Lair:5:   hangedman_lair_tendril_chambers, layout_cave_pods,
          hangedman_lair_caniforms_friends, slime_entry_1, serial_rivers,
          chequers_serial_rivers_small_a, chequers_serial_rivers_large_a,
          chequers_serial_rivers_large_b, chequers_serial_rivers_micro_c,
          chequers_serial_rivers_room_b, chequers_serial_rivers_small_b,
          lemuel_fruit_tree
Swamp:1:  layout_basic_swamp, serial_swamp_ruin, evilmike_swamp_ruin_wall,
          evilmike_swamp_ruin_rubble_2, swamp_pool_3,
          nicolae_swamp_very_dense_foliage
Swamp:2:  layout_basic_swamp, evilmike_swamp_ruin_house_4, uniq_mlioglotl
Orc:1:    layout_caves, bh_open_orc_temple, uniq_snorg
Orc:2:    st_orc_ogre_mass, layout_caves, portal_ice_cave_entry_pillars_2,
          nicolae_shop_clearance, uniq_azrael

Skill      XL: |  1  2  3  4  5  6  7  8  9 10 11 12 13 14 15 |
---------------+----------------------------------------------+-----
Spellcasting   | 3 4 5 6 9 |  9.0
Summonings     | 4 5 6 7 8 9 10 11 13 14 15 | 15.2
Hexes          | 1 2 4 5 6 7 8 9 |  9.0
Air Magic      | 3 5 6 7 8 9 |  9.0
Fighting       | 1 3 6 |  6.0
Stealth        | 2 3 |  3.0
Necromancy     | 1 5 8 10 12 14 | 14.4
Shields        | 1 4 |  4.2
Dodging        | |  1.5

Action                     |  1- 3 |  4- 6 |  7- 9 | 10-12 | 13-15 || total
---------------------------+-------+-------+-------+-------+-------++-------
  Melee: Unarmed           |    21 |       |       |       |       ||    21
         Whip              |     1 |     3 |       |       |       ||     4
         Quarterstaff      |       |     4 |    17 |       |       ||    21
         Dagger            |       |       |     2 |    56 |    58 ||   116
  Throw: Dart              |       |     6 |       |     2 |     2 ||    10
   Cast: Summon Small Mamm |    57 |    18 |    15 |    24 |    16 ||   130
         Call Imp          |    23 |    13 |    29 |    55 |    50 ||   170
         Call Canine Famil |     2 |    10 |    22 |    73 |    98 ||   205
         Summon Guardian G |       |     3 |    34 |    79 |   112 ||   228
         Summon Lightning  |       |       |       |    46 |   133 ||   179
         Haunt             |       |       |       |       |    34 ||    34
         Airstrike         |       |       |       |       |     1 ||     1
 Invoke: Potion Petition   |       |       |       |     2 |     6 ||     8
  Evoke: Wand              |       |       |     1 |     1 |    16 ||    18
    Use: Scroll            |     2 |     5 |     3 |     3 |    18 ||    31
   Stab: Sleeping          |       |       |       |     1 |       ||     1
         Distracted        |       |       |       |     1 |     3 ||     4
 Armour: Robe              |    22 |     8 |    24 |   106 |   163 ||   323
  Dodge: Dodged            |    18 |     8 |    31 |   165 |    88 ||   310
  Block: Other             |       |     1 |     5 |       |       ||     6
         Buckler           |       |       |       |       |    31 ||    31
         Reflection        |       |       |       |       |     3 ||     3

Table legend: (Time is in decaauts)
 A = Elapsed time spent in this place.
 B = Non-inter-level travel time spent in this place.
 C = Inter-level travel time spent in this place.
 D = Time resting spent in this place.
 E = Time spent auto-exploring this place.
 F = Levels seen in this place.
 G = Mean time per level.
                   A        B        C        D        E       F      G
               +--------+--------+--------+--------+--------+-----+--------+
         Total |  29748 |  28099 |   1649 |   2355 |  18747 |  25 | 1189.9 |
       Dungeon |  16566 |  15441 |   1125 |    769 |  10295 |  14 | 1183.3 |
        Temple |      1 |      1 |      0 |      0 |      0 |   1 |    1.0 |
          Lair |   6990 |   6535 |    455 |   1026 |   4275 |   5 | 1398.0 |
         Swamp |   2038 |   2033 |      5 |    104 |   1665 |   2 | 1019.0 |
  Orcish Mines |   2729 |   2666 |     63 |    183 |   1765 |   2 | 1364.5 |
      Ice Cave |   1422 |   1422 |      0 |    273 |    746 |   1 | 1422.0 |
               +--------+--------+--------+--------+--------+-----+--------+

Top non-repeatable levels by time:
     D:7: 2216 daAuts
  Lair:2: 2200 daAuts
  Lair:4: 1775 daAuts
  Lair:1: 1720 daAuts
   Orc:2: 1636 daAuts
 Swamp:1: 1568 daAuts
     D:1: 1446 daAuts
   IceCv: 1422 daAuts
    D:12: 1390 daAuts
     D:6: 1367 daAuts
     D:9: 1268 daAuts
  Lair:3: 1235 daAuts
     D:8: 1219 daAuts
     D:2: 1182 daAuts
   Orc:1: 1093 daAuts
